 Dungeon Crawl Stone Soup version 0.32-a0-818-gb728d0252e (webtiles) character file.

Game seed: 17956370360712921105

665 smashvw the Cleaver (level 7, -4/57 HPs)
             Began as a Minotaur Berserker on Mar 24, 2024.
             Was an Elder of Trog.
             Succumbed to a scorpion's poison
             ... on level 5 of the Dungeon.
             The game lasted 00:07:05 (3494 turns).

smashvw the Cleaver (Minotaur Berserker)            Turns: 3494, Time: 00:07:06

Health: -4/57      AC:  8    Str: 23    XL:     7   Next: 31%
Magic:  6/6        EV:  8    Int:  4    God:    Trog [****..]
Gold:   302        SH:  0    Dex: 10    Spells: 6/6 levels left

rFire   . . .        a - +0 hand axe
rCold   . . .        (no shield)
rNeg    . . .        m - +0 chain mail
rPois   .            (helmet restricted)
rElec   .            (no cloak)
rCorr   .            (no gloves)
SInv    .            (no boots)
Will    .....        (no amulet) Stlth
                     (no ring)
HPRegen 0.29/turn    (no ring)
MPRegen 0.10/turn

%: no passive effects
@: lethally poisoned (-4 -> -18), on berserk cooldown, slowed, very slow
A: horns 2, retaliatory headbutt
a: Renounce Religion, Berserk, Trog's Hand, Brothers in Arms


You were on level 5 of the Dungeon.
You worshipped Trog.
Trog was greatly pleased with you.
You visited 1 branch of the dungeon, and saw 5 of its levels.

You collected 302 gold pieces.

Inventory:

Hand Weapons
 a - a +0 hand axe (weapon)
Armour
 k - a +1 tower shield of protection
 m - a +0 chain mail (worn)
Wands
 q - a wand of polymorph (6)
Scrolls
 e - a scroll of teleportation {unknown}
 g - 2 scrolls of poison
 h - a scroll of amnesia {unknown}
 i - 2 scrolls of identify {unknown}
 j - 2 scrolls of noise {unknown}
 n - a scroll of blinking {unknown}
 p - 3 scrolls of vulnerability {unknown}
 s - a scroll of revelation {unknown}
 t - a scroll of torment {unknown}
Potions
 b - a potion of berserk rage
 c - a potion of heal wounds {unknown}
 f - a potion of ambrosia {unknown}
 o - a potion of invisibility {unknown}
 r - 2 potions of resistance {unknown}


   Skills:
 - Level 3.6 Fighting
 * Level 9.1 Axes
 - Level 2.4 Armour
 - Level 2.1 Dodging
 + Level 4.4 Shields


You had 6 spell levels left.
You didn't know any spells.
Your spell library was empty.

Dungeon Overview and Level Annotations

Branches:
Dungeon (5/15)             Temple (0/1) D:4

Altars:
Fedhas
Xom


Innate Abilities, Weirdness & Mutations

You have a pair of horns on your head.
You reflexively headbutt those who attack you in melee.


Message History

The scorpion is moderately wounded.
The scorpion stings you but does no damage. x2
You hit the scorpion.
The scorpion is moderately wounded.
The scorpion stings you but does no damage.
You hit the scorpion but do no damage.
The scorpion is moderately wounded.
Your attacks no longer feel as feeble.
The scorpion stings you. x2
You are poisoned.
The scorpion poisons you!
You barely miss the scorpion.
You headbutt the scorpion, but do no damage.
The scorpion is moderately wounded.
You feel very sick.
The scorpion stings you but does no damage.
You hit the scorpion but do no damage.
The scorpion is moderately wounded.
You feel very sick. The scorpion barely misses you.
It was a potion of berserk rage.
You're still recovering from your berserk rage.
You feel very sick. The scorpion stings you.
* * * LOW HITPOINT WARNING * * *
The scorpion closely misses you. You furiously retaliate!
You headbutt the scorpion. You hit the scorpion.
You headbutt the scorpion, but do no damage.
The scorpion is severely wounded.
You feel sick. The scorpion stings you.
* * * LOW HITPOINT WARNING * * *
The scorpion stings you.
* * * LOW HITPOINT WARNING * * *
You are more poisoned.
The scorpion poisons you!
Okay, then.
It was a potion of mutation.
You feel extremely strange.
Your connection to magic feels subdued.
Your magic regains its normal vibrancy.
You die...

#. #.# #. #l#
## #.####.# ..
##.○.##o##.#
...☼.......#
#######)##.####
s....gBo.).#
#######s#..#
#@#..###
#○#..#<#
#.#..#.#
#.#..#.#
#.#..#.#
#######°####.#
......°....#.#
.######.##.#.#
#.# #.##.#.#


You could see a scorpion, a bombardier beetle and an orc.

Vanquished Creatures
  A black bear (D:5)
  A scorpion (D:5)
  A wight (D:4)
  2 hounds (D:5)
  A jelly (D:3)
  An orc priest (D:5)
  A gnoll bouda (D:5)
  Jessica (D:2)
  2 iguanas (D:5)
  An orc wizard (D:3)
  2 gnolls (D:5)
  6 adders
  2 dart slugs
  3 ribbon worms
  14 orcs
  11 ball pythons
  8 bats
  7 endoplasms
  8 giant cockroaches
  10 goblins
  8 hobgoblins
  2 jackals (D:1)
  6 quokkas
  10 rats
109 creatures vanquished.

Vanquished Creatures (others)
  A hound (D:4)
  A goblin (D:4)
  A hobgoblin (D:4)
  A kobold (D:4)
4 creatures vanquished.

Grand Total: 113 creatures vanquished

Notes
Turn   | Place    | Note
-------+----------+-------------------------------------------
     0 | D:1      | smashvw the Minotaur Berserker began the quest for the Orb.
     0 | D:1      | Reached XP level 1. HP: 19/19 MP: 0/0
    91 | D:1      | Reached skill level 4 in Axes
    96 | D:1      | Reached XP level 2. HP: 22/26 MP: 1/1
   339 | D:1      | Reached ** piety under Trog
   366 | D:1      | Reached skill level 5 in Axes
   633 | D:1      | Reached XP level 3. HP: 30/31 MP: 2/2
   802 | D:2      | Noticed Jessica
   810 | D:2      | Killed Jessica
   811 | D:2      | Reached XP level 4. HP: 19/39 MP: 3/3
   814 | D:2      | Reached skill level 6 in Axes
  1700 | D:3      | Reached skill level 1 in Shields
  1713 | D:3      | Reached XP level 5. HP: 43/45 MP: 4/4
  1715 | D:3      | Reached *** piety under Trog
  1857 | D:3      | Reached skill level 7 in Axes
  2573 | D:4      | Found a staircase to the Ecumenical Temple.
  2656 | D:4      | Found a shimmering altar of Xom.
  2671 | D:4      | Reached XP level 6. HP: 24/50 MP: 5/5
  2790 | D:4      | Found a blossoming altar of Fedhas.
  2936 | D:4      | Reached **** piety under Trog
  3206 | D:5      | Entered Level 5 of the Dungeon
  3315 | D:5      | Reached skill level 8 in Axes
  3472 | D:5      | Reached XP level 7. HP: 57/57 MP: 6/6
  3486 | D:5      | Reached skill level 9 in Axes
  3493 | D:5      | HP: 1/57 [scorpion (6)]
  3494 | D:5      | Gained mutation: Your spells are a little easier to cast,
                  | but a little less powerful. [potion of mutation]
  3494 | D:5      | Lost mutation: Your spells are a little easier to cast, but
                  | a little less powerful. [potion of mutation]
  3494 | D:5      | Succumbed to a scorpion's poison

Illustrated notes

Levels and vault maps discovered:
D:1:      roderic_crossed_star, layout_basic,
          amcnicky_mini_rare_corridor_liquid, minmay_misc_feat_room
D:2:      layout_basic, uniq_jessica
D:3:      layout_loops_ring, nrook_uturn, grunt_ministairs_6
D:4:      layout_gridville, xom_confusion_cloud, fedhas_altar_1,
          temple_fountains, serial_bayou, serial_bayou_lagoon_a,
          serial_bayou_pond_b, serial_bayou_shore_b, serial_bayou_crossing,
          serial_bayou_pond_d
D:5:      layout_basic, serial_shops, nicolae_inconvenience_store

Skill      XL: |  1  2  3  4  5  6  7 |
---------------+----------------------+-----
Axes           | 4 5 6 7 8 9 |  9.1
Shields        | 1 2 3 4 |  4.4
Fighting       | |  3.6
Armour         | |  2.4
Dodging        | |  2.1

Action                     |  1- 3 |  4- 6 |  7- 9 || total
---------------------------+-------+-------+-------++-------
  Melee: Hand axe          |    54 |   188 |    15 ||   257
         Headbutt          |     9 |    29 |     3 ||    41
 Invoke: Berserk           |       |     1 |       ||     1
    Use: Potion            |       |       |     4 ||     4
         Scroll            |       |       |     1 ||     1
   Stab: Sleeping          |     2 |       |       ||     2
 Armour: Animal skin       |    21 |    31 |       ||    52
         Chain mail        |       |   109 |    27 ||   136
  Dodge: Dodged            |    39 |    88 |     9 ||   136

Table legend: (Time is in decaauts)
 A = Elapsed time spent in this place.
 B = Non-inter-level travel time spent in this place.
 C = Inter-level travel time spent in this place.
 D = Time resting spent in this place.
 E = Time spent auto-exploring this place.
 F = Levels seen in this place.
 G = Mean time per level.
                   A        B        C        D        E       F      G
               +--------+--------+--------+--------+--------+-----+--------+
         Total |   3509 |   3414 |     95 |      0 |   2783 |   5 |  701.8 |
       Dungeon |   3509 |   3414 |     95 |      0 |   2783 |   5 |  701.8 |
               +--------+--------+--------+--------+--------+-----+--------+

Top non-repeatable levels by time:
     D:3: 993 daAuts
     D:4: 768 daAuts
     D:2: 746 daAuts
     D:1: 718 daAuts
     D:5: 282 daAuts
